 Dungeon Crawl Stone Soup version 0.31.0-1-g2c135a008e (webtiles) character file.

Game seed: 8596021399214806448

94 qw the Shooter (level 4, 0/35 HPs)
             Began as a Djinni Hunter on Jan 23, 2024.
             Slain by an endoplasm (1 damage)
             ... on level 3 of the Dungeon.
             The game lasted 00:00:06 (1712 turns).

qw the Shooter (Djinni Hunter)                      Turns: 1712, Time: 00:00:07

Health: 0/35       AC:  5    Str: 10    XL:     4   Next: 94%
Gold:   128        EV: 11    Int: 10    God:
                   SH:  0    Dex: 19

rFire   + + .        a - +1 shortbow
rCold   x . .        (shield currently unavailable)
rNeg    . . .        l - +0 ring mail
rPois   inf          (no helmet)
rElec   .            (no cloak)
rCorr   .            (no gloves)
SInv    .            (boots unavailable)
Will    .....        (no amulet)
Stlth   +            (no ring)
HPRegen 0.25/turn    (no ring)
MPRegen 0.00/turn

%: infuse magic (-1 HP)
@: flying
A: sickness immunity, fire resistance 2, cold vulnerability 1, float, innate
caster, HP casting, extra vitality 1
a: no special abilities


You were on level 3 of the Dungeon.
You visited 1 branch of the dungeon, and saw 3 of its levels.

You collected 128 gold pieces.


Innate Abilities, Weirdness & Mutations

You are immune to sickness and miasma.
You are immune to poison.
Your flesh is very heat resistant. (rF++)
You are vulnerable to cold. (rC-)
You float through the air rather than walking.
You learn spells naturally, not from books.
Your magical power is your life essence.
You have superior vitality. (+4 MHP)


   Skills:
 - Level 3.0 Fighting
 - Level 4.1 Ranged Weapons
 + Level 0.6 Armour
 - Level 3.0 Dodging
 - Level 0.7 Stealth


You knew the following spells:

 Your Spells              Type           Power      Damage    Failure   Level
a - Magic Dart            Conj           0%         1d3       69%         1
Your spell library was empty.

Inventory:

Hand Weapons
 a - a +1 shortbow (weapon)
Armour
 l - a +0 ring mail (worn)
Potions
 b - a potion of curing
 e - a potion of lignification {unknown}
 f - a potion of haste {unknown}
 h - a potion of berserk rage {unknown}

Dungeon Overview and Level Annotations

Branches:
Dungeon (3/15)

Altars:
Xom


Message History

An endoplasm comes into view.
The orc hits you with a +0 flail.
You shoot an arrow. The arrow barely misses the orc.
The endoplasm quivers.
The orc hits you but does no damage. The orc closely misses you.
You shoot an arrow. The arrow completely misses the orc.
The arrow hits the endoplasm but does no damage.
The orc hits you with a +0 flail.
You shoot an arrow. The arrow hits the orc.
You kill the orc!
The endoplasm closely misses you.
You shoot an arrow.
The arrow hits the endoplasm but does no damage.
The endoplasm freezes you.
You are frozen.
You feel a terrible chill! The endoplasm freezes you.
You are frozen!
You feel a terrible chill!
You shoot an arrow.
The arrow hits the endoplasm but does no damage.
You hear an angry hiss.
A ball python comes into view.
The endoplasm freezes you.
You are frozen.
You feel a terrible chill!
You shoot an arrow.
The arrow hits the endoplasm but does no damage.
The endoplasm hits you.
You shoot an arrow.
The arrow hits the endoplasm but does no damage.
The endoplasm closely misses you. The endoplasm hits you.
You shoot an arrow. The arrow hits the endoplasm.
The endoplasm is severely wounded.
The ball python barely misses you. The ball python grabs you.
The ball python constricts you.
The endoplasm hits you but does no damage.
The ball python closely misses you. The ball python constricts you.
You shoot an arrow. The arrow hits the ball python.
You kill the ball python!
The endoplasm freezes you.
You are frozen!
You feel a terrible chill! The endoplasm hits you.
You die...

.......
..?.. .%...
.... #..#
#..# #)J#
#.######@.#
#.........#
#######...#
.........#
######..##
#....#..#
#.%.....#
####.##.#
#.##.#


You could see an endoplasm.

Vanquished Creatures
  2 adders (D:2)
  3 dart slugs (D:1)
  3 orcs (D:3)
  5 ball pythons
  6 bats (D:1)
  8 endoplasms
  4 giant cockroaches
  5 goblins
  5 hobgoblins
  4 jackals (D:1)
  5 kobolds
  3 quokkas
  2 frilled lizards
  7 rats
62 creatures vanquished.

Notes
Turn   | Place    | Note
-------+----------+-------------------------------------------
     0 | D:1      | qw the Djinni Hunter began the quest for the Orb.
     0 | D:1      | Reached XP level 1. HP: 18/18 MP: 0/0
     0 | D:1      | 0 ||| qw: Version: 0.3-a-136-gdd3b4e8
     0 | D:1      | 0 ||| qw: Game counter: 1022
     0 | D:1      | 0 ||| qw: Melee chars always use a shield: true
     0 | D:1      | 0 ||| qw: God list: Okawaru
     0 | D:1      | 0 ||| qw: Allow faded altars: false
     0 | D:1      | 0 ||| qw: Do Orc after clearing Dungeon:15 true
     0 | D:1      | 0 ||| qw: Do second Lair branch before Depths: true
     0 | D:1      | 0 ||| qw: Lair rune preference: random
     0 | D:1      | 0 ||| qw: Goals: Normal
     0 | D:1      | 0 ||| PLANNING D:1-11
   121 | D:1      | Reached XP level 2. HP: 22/23 MP: 0/0
   236 | D:1      | 236 ||| READING scroll labelled OTARUK IBRETE.
   268 | D:1      | Reached skill level 4 in Ranged Weapons
   268 | D:1      | Reached XP level 3. HP: 24/28 MP: 0/0
   268 | D:1      | Learned a level 1 spell: Magic Dart
   590 | D:1      | 590 ||| READING scroll labelled WAS VUTTOIKHU.
   772 | D:1      | 772 ||| DROPPING scroll of butterflies.
   857 | D:2      | Reached XP level 4. HP: 34/34 MP: 0/0
   918 | D:2      | Found a shimmering altar of Xom.
   929 | D:2      | Reached skill level 3 in Fighting
  1486 | D:2      | 1486 ||| DROPPING +4 sling.
  1497 | D:2      | Reached skill level 3 in Dodging
  1614 | D:2      | 1614 ||| UPGRADING to +0 ring mail.
  1624 | D:2      | 1624 ||| DROPPING +0 leather armour.
  1625 | D:2      | 1625 ||| READING scroll of identify.
  1625 | D:2      | 1625 ||| IDENTIFYING bubbling blue potion
  1626 | D:2      | 1626 ||| READING scroll labelled SAABBISOLU.
  1626 | D:2      | 1626 ||| ENCHANTING +0 shortbow.
  1627 | D:2      | 1627 ||| READING scroll labelled WAVIOCV CAXTOV.
  1628 | D:2      | 1628 ||| DRINKING 2 lumpy amethyst potions.
  1629 | D:2      | 1629 ||| DRINKING 2 emerald potions.
  1630 | D:2      | 1630 ||| DROPPING potion of degeneration.
  1631 | D:2      | 1631 ||| DROPPING potion of attraction.
  1710 | D:3      | HP: 7/35 [endoplasm (3)]
  1712 | D:3      | HP: 1/35 [frozen (7)]
  1712 | D:3      | Slain by an endoplasm

Levels and vault maps discovered:
D:1:      psy_arrival_dodecagon, layout_basic, serial_bayou_pond_d, st_stairs_4,
          nrook_mini_backslash, serial_bayou_pond_a, minivault_25,
          minmay_pentomino_s4
D:2:      minmay_diamond_boxcup, layout_basic, basic_altar
D:3:      layout_basic

Skill      XL: |  1  2  3  4 |
---------------+-------------+-----
Ranged Weapons | 4 |  4.1
Fighting       | 3 |  3.0
Dodging        | 3 |  3.0
Armour         | |  0.6
Stealth        | |  0.7

Action                     |  1- 3 |  4- 6 || total
---------------------------+-------+-------++-------
   Fire: Shortbow          |    95 |    64 ||   159
    Use: Scroll            |     2 |     3 ||     5
         Potion            |       |     2 ||     2
 Armour: Leather armour    |    38 |     6 ||    44
         Ring mail         |       |     9 ||     9
  Dodge: Dodged            |    42 |    20 ||    62

Table legend:
 A = Non-vault XP
 B = Vault XP
 C = Vault XP percentage of total XP
 D = Non-vault monster count
 E = Vault monster count
 F = Vault count percentage of total count
                 A         B        C        D         E       F
            +---------+---------+-------+---------+---------+-------
      Total |      99 |      37 |  27.2 |      47 |      15 |  24.2
            +---------+---------+-------+---------+---------+-------
        D:1 |      49 |      16 |  24.6 |      26 |       8 |  23.5
        D:2 |      37 |      21 |  36.2 |      15 |       7 |  31.8
        D:3 |      13 |       0 |   0.0 |       6 |       0 |   0.0
            +---------+---------+-------+---------+---------+-------
